 Dungeon Crawl Stone Soup version 0.22.1-2-g9c5b331 (webtiles) character file.

10514 Gearfox the Basher (level 11, -8/100 HPs)
             Began as a Minotaur Fighter on Dec 7, 2018.
             Was a High Priest of Makhleb.
             Mangled by an eight-headed hydra (11 damage)
             ... on level 12 of the Dungeon.
             The game lasted 00:35:36 (12624 turns).

Gearfox the Basher (Minotaur Fighter)              Turns: 12624, Time: 00:35:38

Health: -8/100     AC: 19    Str: 24    XL:     11   Next: 37%
Magic:  13/13      EV:  7    Int:  5    God:    Makhleb [*****.]
Gold:   494        SH:  0    Dex: 10    Spells: 10/10 levels left

rFire    . . .     SeeInvis .   g - +4 dire flail
rCold    . . .     Gourm    .   (shield currently unavailable)
rNeg     . . .     Faith    .   s - +1 plate armour
rPois    .         Spirit   .   (helmet restricted)
rElec    .         Reflect  .   r - +0 cloak
rCorr    .         Harm     .   y - +1 pair of gloves
MR       .....                  (no boots)
Stlth    ..........             (no amulet)
HPRegen  0.26/turn              (no ring)
MPRegen  0.13/turn              (no ring)

@: confused, drained
A: retaliatory headbutt, horns 2
a: Minor Destruction, Lesser Servant of Makhleb, Major Destruction, Greater
Servant of Makhleb, Renounce Religion


You were on level 12 of the Dungeon.
You worshipped Makhleb.
Makhleb was extremely pleased with you.
You were not hungry.

You visited 1 branch of the dungeon, and saw 12 of its levels.

You collected 636 gold pieces.
You spent 142 gold pieces at shops.

Inventory:

Hand Weapons
 a - a +1 flail
 g - a +4 dire flail (weapon)
 D - a +2 war axe of chopping
Armour
 b - a +0 scale mail
 c - a +1 shield
 d - +1 acid dragon scales
 r - a +0 cloak (worn)
 s - a +1 plate armour (worn)
 y - a +1 pair of gloves (worn)
 B - a +1 scale mail of fire resistance
Wands
 t - a wand of flame (28)
 u - a wand of enslavement (17)
 x - a wand of digging (11)
 z - a wand of iceblast (7)
 A - a wand of polymorph (7)
Scrolls
 e - a scroll of fog
 h - 4 scrolls of blinking
 j - 3 scrolls of amnesia
 l - a scroll of magic mapping
 m - 6 scrolls of teleportation
 o - 5 scrolls of remove curse
Potions
 i - 2 potions of flight {unknown}
 k - a potion of haste
 p - a potion of ambrosia
 q - 2 potions of cancellation {unknown}
 v - a potion of magic
 w - a potion of curing
 C - a potion of agility
Comestibles
 f - 15 rations
 E - 2 chunks of flesh


   Skills:
 * Level 10.3(9.8) Fighting
 - Level 14.1(13.6) Maces & Flails
 * Level 11.0(10.5) Armour
 - Level 3.6(3.2) Shields
 - Level 4.8(4.4) Invocations
 - Level 2.7(2.4) Evocations


You had 10 spell levels left.
You didn't know any spells.
Your spell library contained the following spells:

 Spells                   Type           Power        Failure   Level  Hunger
 Animate Skeleton         Necr           N/A          99%         1    ##.....
 Beastly Appendage        Tmut           #.....       99%         1    ##.....
 Pain                     Necr           #...         99%         1    ##.....
 Sticks to Snakes         Tmut           #.......     100%        2    ###....
 Regeneration             Chrm/Necr      #.........   100%        3    ####...
 Spider Form              Tmut/Pois      #.........   100%        3    ####...
 Vampiric Draining        Necr           #.........   100%        3    ####...
 Animate Dead             Necr           N/A          100%        4    #####..
 Ice Form                 Ice/Tmut       #.......     100%        4    #####..
 Blade Hands              Tmut           #.........   100%        5    ######.


Dungeon Overview and Level Annotations

Branches:
Dungeon (12/15)            Temple (0/1) D:7            Lair (0/6) D:8
    Orc (0/2) D:11

Altars:
Elyvilon
Fedhas
Gozag
Hepliaklqana
Kikubaaqudgha
Makhleb
Nemelex Xobeh
Qazlal
Sif Muna
Trog
Wu Jian
Xom
Zin

Shops:
D:4 }?*   D:6 ?

Annotations:
D:4 3 runed doors, buskinjo's ghost, amateur DEFE


Innate Abilities, Weirdness & Mutations

You reflexively headbutt those who attack you in melee.
You have a pair of horns on your head.


Message History

The eight-headed hydra bites you.
* * * LOW HITPOINT WARNING * * *
You feel much better. The eight-headed hydra bites you!
* * * LOW HITPOINT WARNING * * *
The eight-headed hydra bites you but does no damage.
The eight-headed hydra barely misses you.
The eight-headed hydra bites you but does no damage.
The eight-headed hydra bites you.
* * * LOW HITPOINT WARNING * * *
The eight-headed hydra bites you.
* * * LOW HITPOINT WARNING * * *
The eight-headed hydra barely misses you. x2
You are confused.
You feel invigorated. The eight-headed hydra bites you.
* * * LOW HITPOINT WARNING * * *
The eight-headed hydra bites you but does no damage. x2
The eight-headed hydra bites you!
* * * LOW HITPOINT WARNING * * *
The eight-headed hydra bites you!
You die...

#.. #.# #.#
#.# #.#
#######.###
......D.).#
#######.#D#
#.#@# #.#.#
#.#.# #.#.#
########.#.#
#........#.#
#.########.#
#[# #.# #.#
#.#


You could see an eight-headed hydra.

Vanquished Creatures
  A two-headed ogre (D:11)
  Sonja (D:11)
  Pikel (D:5)
  An ugly thing (D:11)
  Joseph (D:7)
  Psyche (D:11)
  3 trolls
  A hornet (D:9)
  3 hippogriffs
  A wyvern (D:10)
  4 yaks (D:11)
  Menkaure (D:7)
  An acid dragon (D:11)
  2 water moccasins
  A sky beast (D:9)
  5 orc warriors
  A black bear (D:11)
  3 phantoms
  3 ice beasts
  2 slaves (D:5)
  5 ogres
  5 centaurs
  A gnoll sergeant (D:8)
  5 bullfrogs
  A wyvern zombie (D:10)
  A wyvern skeleton (D:6)
  5 scorpions
  16 wights
  3 howler monkeys
  3 bullfrog zombies
  2 centaur zombies (D:9)
  4 crimson imps
  2 jellies (D:6)
  2 bullfrog skeletons
  13 orc priests
  4 hounds
  3 iguanas
  7 orc wizards
  7 worker ants
  2 hound zombies
  9 gnolls
  A howler monkey skeleton (D:6)
  14 adders
  3 shadow imps
  3 adder skeletons
  2 dart slugs
  5 leopard geckos
  53 orcs
  7 bats
  2 bat zombies (D:2)
  7 giant cockroaches
  10 hobgoblins
  18 jackals
  14 kobolds
  10 quokkas
  2 ball pythons
  6 frilled lizards
  10 goblins
  A jackal zombie (D:5)
  A quokka skeleton (D:4)
  A quokka zombie (D:7)
  2 rats
  2 rat zombies (D:2)
  A butterfly (D:7)
  A plant (D:3)
313 creatures vanquished.

Vanquished Creatures (others)
  A slave (D:5)
  A scorpion (D:5)
  A crimson imp (D:5)
  An orc wizard (D:5)
  An orc (D:5)
  A fungus (D:8)
6 creatures vanquished.

Grand Total: 319 creatures vanquished

Notes
Turn   | Place    | Note
-------+----------+-------------------------------------------
     0 | D:1      | Gearfox the Minotaur Fighter began the quest for the Orb.
     0 | D:1      | Reached XP level 1. HP: 19/19 MP: 0/0
    57 | D:1      | Reached skill level 3 in Maces & Flails
   102 | D:1      | Reached XP level 2. HP: 10/26 MP: 1/1
   463 | D:1      | Reached skill level 4 in Maces & Flails
   601 | D:1      | Reached XP level 3. HP: 29/31 MP: 2/2
  1226 | D:2      | Reached skill level 5 in Maces & Flails
  1427 | D:2      | Reached XP level 4. HP: 39/39 MP: 3/3
  1505 | D:2      | Found a burning altar of Makhleb.
  1505 | D:2      | Found a deep blue altar of Sif Muna.
  1513 | D:2      | Became a worshipper of Makhleb the Destroyer
  1548 | D:2      | Found an ancient bone altar of Kikubaaqudgha.
  2007 | D:3      | Reached skill level 6 in Maces & Flails
  2221 | D:3      | Reached XP level 5. HP: 39/45 MP: 4/4
  2605 | D:3      | Reached * piety under Makhleb
  2605 | D:3      | Reached skill level 7 in Maces & Flails
  2777 | D:3      | Reached XP level 6. HP: 47/52 MP: 5/5
  3088 | D:3      | Reached skill level 5 in Fighting
  3720 | D:3      | Reached skill level 5 in Armour
  3768 | D:3      | Reached ** piety under Makhleb
  4109 | D:4      | Reached XP level 7. HP: 54/62 MP: 6/6
  4181 | D:4      | Found Ceympis's Gadget Shoppe.
  4340 | D:4      | Found Kojeehon's Magic Scroll Emporium.
  4367 | D:4      | Found Binovife's Assorted Antiques.
  4411 | D:4      | Found an opulent altar of Gozag.
  4491 | D:4      | Bought a potion of might for 112 gold pieces
  4567 | D:4      | Noticed buskinjo's ghost (amateur DEFE)
  4612 | D:4      | Found a runed gate.
  4612 | D:4      | Found a runed gate.
  4612 | D:4      | Found a runed gate.
  4919 | D:5      | Entered Level 5 of the Dungeon
  4940 | D:5      | Noticed Pikel
  4966 | D:5      | Killed Pikel
  4966 | D:5      | Reached XP level 8. HP: 38/73 MP: 7/7
  5522 | D:5      | Found a bloodstained altar of Trog.
  6454 | D:6      | Reached *** piety under Makhleb
  6472 | D:6      | Reached skill level 8 in Maces & Flails
  6472 | D:6      | Reached skill level 1 in Invocations
  6705 | D:6      | Found Rinapieg's Magic Scroll Boutique.
  6717 | D:6      | Bought a scroll of identify for 30 gold pieces
  7032 | D:7      | Reached XP level 9. HP: 79/82 MP: 9/9
  7036 | D:7      | Noticed Joseph
  7041 | D:7      | Noticed Menkaure
  7042 | D:7      | Reached skill level 9 in Maces & Flails
  7084 | D:7      | Killed Menkaure
  7088 | D:7      | Killed Joseph
  7088 | D:7      | Reached skill level 10 in Maces & Flails
  7352 | D:7      | Reached skill level 11 in Maces & Flails
  7471 | D:7      | Found a staircase to the Ecumenical Temple.
  7541 | D:7      | Found a hazy altar of Hepliaklqana.
  7631 | D:7      | Found an ornate altar of the Wu Jian Council.
  7843 | D:8      | Noticed a troll
  7855 | D:8      | Killed a troll
  7931 | D:8      | Reached **** piety under Makhleb
  7931 | D:8      | Reached skill level 12 in Maces & Flails
  7972 | D:8      | Reached skill level 1 in Evocations
  7972 | D:8      | Reached XP level 10. HP: 54/89 MP: 10/12
  8053 | D:8      | Found a staircase to the Lair.
  8727 | D:8      | Found a sparkling altar of Nemelex Xobeh.
  8727 | D:8      | Found a white marble altar of Elyvilon.
  8746 | D:8      | Found a blossoming altar of Fedhas.
  8749 | D:8      | Found a shimmering altar of Xom.
  8751 | D:8      | Found a stormy altar of Qazlal.
  8926 | D:9      | Found a glowing silver altar of Zin.
  9298 | D:9      | Reached skill level 13 in Maces & Flails
  9665 | D:9      | Reached ***** piety under Makhleb
 10135 | D:10     | Entered Level 10 of the Dungeon
 10443 | D:10     | HP: 2/89 [troll (7)]
 10445 | D:10     | Reached skill level 14 in Maces & Flails
 11433 | D:11     | Found a staircase to the Orcish Mines.
 11504 | D:11     | Noticed a purple ugly thing
 11521 | D:11     | Killed a purple ugly thing
 11543 | D:11     | Noticed a two-headed ogre
 11555 | D:11     | Killed a two-headed ogre
 11555 | D:11     | Reached XP level 11. HP: 72/97 MP: 13/13
 11557 | D:11     | Reached skill level 10 in Armour
 11790 | D:11     | Noticed Psyche
 11800 | D:11     | Killed Psyche
 12203 | D:11     | Noticed Sonja
 12226 | D:11     | Killed Sonja
 12226 | D:11     | Reached skill level 10 in Fighting
 12604 | D:12     | Noticed an eight-headed hydra
 12624 | D:12     | HP: 3/100 [eight-headed hydra (9)]
 12624 | D:12     | Mangled by an eight-headed hydra

Skill      XL: |  1  2  3  4  5  6  7  8  9 10 11 |
---------------+----------------------------------+-----
Maces & Flails | 3 4 5 6 7 8 12 14 | 14.1
Fighting       | 4 5 7 8 9 10 | 10.3
Armour         | 5 8 9 11 | 11.0
Invocations    | 1 4 |  4.8
Evocations     | 1 2 |  2.7
Shields        | |  3.6

Action                   |  1- 3 |  4- 6 |  7- 9 | 10-12 || total
-------------------------+-------+-------+-------+-------++-------
Melee: Flail             |    90 |   193 |    71 |       ||   354
       Headbutt          |    11 |    23 |    49 |    66 ||   149
       Dire flail        |       |       |   194 |   307 ||   501
Invok: Minor Destruction |       |       |     1 |       ||     1
Evoke: Wand              |       |       |       |     1 ||     1
  Use: Scroll            |     7 |       |    12 |     7 ||    26
       Potion            |       |       |     1 |     8 ||     9
  Eat: Chunk             |     2 |     8 |    13 |     3 ||    26
       Ration            |       |       |       |     4 ||     4
Armor: Scale mail        |    39 |    65 |    44 |       ||   148
       Plate armour      |       |       |    83 |   229 ||   312
       Skin              |       |       |       |    47 ||    47
Dodge: Dodged            |    39 |    47 |    92 |   113 ||   291
Block: Shield            |    43 |   119 |    23 |       ||   185
